← All builds
Tech / Armada / Economy first / OBSERVED BUILD

Sharpshooter snipers

Armada Tech (Eco) build order · Supreme Isthmus

Standard T2 rush into an early Sharpshooter-led sniper bot push around 8:10-8:38, pairing T2 constructor support for Geo with sniper bots fighting at the middle rather than just economy scaling.

Usually first T2 con to Geo (81%)

#t2 #raid · 99 distinct matches · 51 players · 3% of Armada Tech games · team won 27% of 100 · Recently observed

THE CATCH, AND WHAT COMES WITH IT
  • SharpshooterT2 bot snipers from 8:11 · 6% of role by thenFrom the Advanced Bot Lab. Only 6% of Tech games have it by then; others who build it get it around 9:07

Where those units first fight, in 98 games with kill data: in the middle 55%, on their own side 45%.

Those units destroy a typical 1,393 metal of enemy units by 15:00.

Then transitions into anti-nuke (13% of army).

HOW TO PLAY IT

Key timing: Sharpshooter out by 9:04

  1. Open standard T2 rush with Bot Lab first.
  2. Finish Advanced Bot Lab on the normal T2 timing.
  3. Upgrade mex as usual while eco scales.
  4. Push Sharpshooter snipers from Advanced Bot Lab to fight forward in middle.
  5. Keep producing T2 cons and anti-nuke for the team.

Phase by phase

TYPICAL OF ITS 99 GAMES · AGAINST STANDARD TECH
  1. 1
  2. 2
  3. 3
  4. 4
  5. 5
PLAY THE OPENING

Follow the example game's first 9:11 step by step: what to build now, what comes next, and where it goes. At 1× it keeps pace with your own game.

  1. 1

    Up to the Bot Lab

    Economy
    • Metal Extractor3Mex
    • Wind Turbine4Wind
    Order
    1. Bot LabBot Lab after 3 mex, 4 winddone ~1:17, middle half 1:13–1:38

    Some games also: energy storage (37%)

    By 1:00 in all: 3 mex · 4 wind

    The example game in this phase · 5 steps
    1. Mex ×3
    2. Wind ×4
    3. Energy storage
    4. Wind
    5. Bot LabBot Labdone 1:40 · typical 1:17
  2. 2

    Bot Lab to Advanced Bot Lab

    Economy
    • Metal Extractor1Mex
    • Wind Turbine9Wind
    • Energy Storage1Energy storage
    Order
    1. Advanced Bot LabAdvanced Bot Lab after 4 mex, 13 wind, 3 con turretdone ~4:18, middle half 4:08–4:33
    Builders
    • Construction Turret3 Con turret
    • Lazarus3 Lazarus
    • Construction Bot2 Con bot
    • Construction Bot1 Con bot for allies

    Some games also: converter (43%)

    By 3:22 in all: 4 mex · 13 wind · 1 energy storage · 3 con turret

    The example game in this phase · 11 steps
    1. LazarusLazarus
    2. Construction BotCon bot
    3. Construction BotCon botfor Air
    4. Con turret
    5. LazarusLazarus
    6. Con turret
    7. LazarusLazarus
    8. Mex
    9. Construction BotCon bot
    10. Con turret
    11. Advanced Bot LabAdvanced Bot Labdone 3:56 · typical 4:18
  3. 3

    Advanced Bot Lab to 5:00

    Economy
    • Wind Turbine1Wind−2 vs standard
    Order
    1. Bot LabEat Bot Lab
    Builders
    • Advanced Construction Bot1 T2 con bot for allies

    Some games also: converter (43%)

    By 5:00 in all: 4 mex · 15 wind · 2 converter · 1 energy storage · 3 con turret

    The example game in this phase · 6 steps
    1. Bot LabEat Bot Labreclaimed for its metal
    2. Wind ×5
    3. Advanced Construction BotT2 con botfor Geo
    4. Wind
    5. Converter
    6. Advanced Metal ExtractorT2 mex ×3done 4:44 · typical 5:17
  4. 4

    5:00 to T2 bot snipers

    Economy
    • Wind Turbine16Wind+5 vs standard
    • Energy Converter1Converter
    Order
    1. SharpshooterT2 bot snipers after 4 mex, 32 wind, 5 converterdone ~8:39, middle half 7:41–9:48
    Builders
    • Butler4 Butler
    • Advanced Construction Bot3 T2 con bot for allies

    Some games also: T2 con bot (36%)

    By 8:10 in all: 4 mex · 32 wind · 5 converter (standard 3) · 1 energy storage · 3 con turret

    The example game in this phase · 11 steps
    1. Advanced Construction BotT2 con botfor Air
    2. Wind ×2
    3. ButlerButler
    4. Wind
    5. Advanced Metal ExtractorT2 mex
    6. Wind ×2
    7. ButlerButler ×2
    8. Wind
    9. ButlerButler ×3
    10. Wind
    11. SharpshooterSniper botdone 8:14 · typical 8:39
  5. 5

    T2 bot snipers to 10:00

    Economy
    • Wind Turbine19Wind−11 vs standard
    Army
    • Sharpshooter1 Sniper bot

    Some games also: converter (48%) · Butler (45%) · T2 con bot for allies (42%)

    The standard build makes here, this one skips: 4 converter · 5 Butler

    By 10:00 in all: 4 mex · 54 wind · 8 converter · 1 energy storage · 3 con turret

    The example game in this phase · 125 steps
    1. Wind ×8
    2. SharpshooterSniper bot
    3. Wind ×17
    4. Advanced Construction BotT2 con botfor Geo sea
    5. Wind ×8
    6. Advanced Construction BotT2 con botfor Pond
    7. Wind ×3
    8. Con turret
    9. Wind ×5
    10. Advanced Construction BotT2 con botfor Beach sea
    11. Wind ×6
    12. ButlerButlerfor Beach sea
    13. Wind
    14. ButlerButlerfor Geo sea
    15. Wind ×2
    16. ButlerButler
    17. Wind ×3
    18. ButlerButlerfor Geo sea
    19. Wind ×3
    20. ButlerButler
    21. ButlerButlerfor Beach sea
    22. Wind ×3
    23. ButlerButler
    24. Wind ×3
    25. ButlerButler
    26. Wind ×12
    27. WelderWelder
    28. Wind ×3
    29. WelderWelder
    30. Wind ×6
    31. Converter
    32. Wind ×3
    33. WelderWelder
    34. Wind ×2
    35. Converter
    36. Wind ×4
    37. Converter ×2
    38. SharpshooterSniper bot
    39. Converter ×3
    40. SharpshooterSniper bot
    41. Converter ×3
    42. WelderWelder
    43. Converter ×2
    44. WelderWelder
    45. Converter
    46. WelderWelder
    47. Converter ×2
    48. WelderWelder
    49. Converter ×5
    50. Wind
    51. Advanced Construction BotT2 con bot
    52. Wind ×2
    53. Con turret
    54. Converter
    55. Wind ×3
    56. Converter
    57. Wind ×2
    58. Metal storage
    59. Wind
    60. Converter ×2
    61. Wind ×4
    62. Converter
    63. Wind ×2
    64. Con turret
    65. Converter
    66. Wind ×2
    67. Con turret
    68. Wind
    69. Converter
    70. Wind
    71. Con turret
    72. Wind ×2
    73. Converter
    74. Wind
    75. Converter
    76. Wind ×2
    77. Fusion ReactorFusiondone 14:07
    78. Wind ×3
    79. Converter
    80. Wind
    81. Converter
    82. Wind ×2
    83. Converter
    84. Wind
    85. Advanced Bot LabEat Advanced Bot Labreclaimed for its metal
    86. Wind ×2
    87. Converter
    88. Wind ×3
    89. Converter
    90. Wind ×3
    91. Converter
    92. Wind
    93. Converter
    94. Wind ×2
    95. Converter
    96. Wind ×3
    97. Fusion ReactorFusion
    98. Con turret
    99. Wind
    100. Converter
    101. Wind ×2
    102. Con turret
    103. Converter
    104. Con turret
    105. Wind ×2
    106. Con turret
    107. Wind
    108. Converter
    109. Wind
    110. Converter
    111. Wind ×3
    112. Converter
    113. Wind ×2
    114. Converter
    115. Wind ×3
    116. Converter
    117. Wind ×3
    118. Converter
    119. Wind
    120. Converter
    121. Wind ×2
    122. Fusion ReactorFusion
    123. Wind
    124. Converter
    125. Wind ×3

Counts are medians over the build's games: half of them build more, half fewer. The example game is DRM's (43 OS, 08/10/2026); pick another.

Team trades

IN AT LEAST 30% OF ITS GAMES

You hand over

  • Construction Bot1 Con bot to Airfirst at 2:24 · in 89% of games
  • Advanced Construction Bot5 T2 con bot to Geo sea or Air or Pondfirst at 4:59 · in 100% of games
  • Butler2 Butler to Geo sea or Beach seafirst at 10:30 · in 36% of games

You get

  • Hercules2 Light transport from Airfirst at 4:04 · in 88% of games

How it plays out

Typical game of this build against the role’s standard build, running totals by minute

  • This build
  • Standard tech

Metal produced

020k40k
0:005:0010:0015:00

metal

Enemy metal destroyed

01k2k3k
0:005:0010:0015:00

metal

Own metal lost

05001k
0:005:0010:0015:00

metal

100 games.

Show as table
ByMetal produced: This buildMetal produced: Standard techEnemy metal destroyed: This buildEnemy metal destroyed: Standard techOwn metal lost: This buildOwn metal lost: Standard tech
1:003833830000
2:009139150000
3:00160416530000
4:00309831440000
5:00487048470000
6:00595658030000
7:00752072300000
8:00930690680000
9:0011455111910000
10:001380213531179000
11:0016263162456490690
12:001900819673101401300
13:002228123461151203280
14:0026270273461782068074
15:0030092315382481105910130
WHAT THE NUMBERS SAY

Won far less often than the standard build, losing a lot more metal for only a modest gain in enemy metal destroyed.

  • + Enemy metal destroyed by 15:00 well above standard (2598 vs 262).
  • − Team win rate collapses to 21% vs standard's 53%.
  • − Own metal lost by 15:00 far exceeds standard (1360 vs 196).
THE EXAMPLE YOU ARE READING

DRM

42.7 OS · 08/10/2026

Open source match ↗

2 received units
1351 metal received · 74086 energy received

Allied construction assistance is unknown. Timings are observations, not a promise of solo reproducibility.

Typical milestones

Bot Lab1:17Middle 50%: 1:13–1:38 · n=100
Advanced Bot Lab4:18Middle 50%: 4:08–4:33 · n=100
Advanced Metal Extractor5:17Middle 50%: 4:57–5:41 · n=100
Sharpshooter8:39Middle 50%: 7:41–9:48 · n=100

Played most by

Amrissa15games of this buildDRM6games of this buildTheGeneraI5games of this buildenderOS14games of this buildKontraption4games of this build